 Dungeon Crawl Stone Soup version 0.20-a0-1034-gb277f92 (console) character file.

214 nht the Twirler (level 5, 0/50 HPs)
             Began as an Ogre Gladiator on Apr 21, 2017.
             Slain by an orc warrior
             ... wielding a +0 dire flail
              (19 damage)
             ... on level 3 of the Dungeon.
             The game lasted 00:03:21 (3255 turns).

nht the Twirler (Ogre Gladiator)                    Turns: 3255, Time: 00:03:22

Health: 0/50       AC:  3    Str: 18    XL:     5   Next: 92%
Magic:  0/5        EV: 10    Int: 15    God:
Gold:   150        SH:  0    Dex: 10    Spells: 4/4 levels left

rFire    . . .     SeeInvis .   a - +0 quarterstaff
rCold    . . .     Gourm    .   (shield currently unavailable)
rNeg     . . .     Faith    .   b - +0 robe
rPois    .         Spirit   +   c - +0 hat
rElec    .         Reflect  .   (no cloak)
rCorr    .         Harm     .   (gloves unavailable)
MR       .....                  (boots unavailable)
Stlth    +.........             i - amulet of guardian spirit
Regen    0.2/turn               (no ring)
MPRegen  0.1/turn               (no ring)

@: brilliant
A: unfitting armour, tough skin 1
a: no special abilities


You were on level 3 of the Dungeon.
You were not hungry.

You visited 1 branch of the dungeon, and saw 3 of its levels.

You collected 150 gold pieces.

Inventory:

Hand Weapons
 a - a +0 quarterstaff (weapon)
Missiles
 d - a throwing net (quivered)
Armour
 b - a +0 robe (worn)
 c - a +0 hat (worn)
Jewellery
 i - an amulet of guardian spirit (around neck)
Scrolls
 e - 4 scrolls of teleportation {unknown}
 j - 3 scrolls of identify {unknown}
Potions
 g - a potion of ambrosia
Comestibles
 f - 4 bread rations
 h - 2 chunks of flesh
 k - 2 royal jellies


   Skills:
 - Level 2.6 Fighting
 + Level 6.4 Staves
 - Level 2.0 Throwing
 - Level 2.6 Dodging


You had 4 spell levels left.
You didn't know any spells.

Dungeon Overview and Level Annotations

Branches:
Dungeon (3/15)

Altars:
Xom


Innate Abilities, Weirdness & Mutations

You are too large for most types of armour.
You have tough skin. (AC +1)


Message History

The floor.
You see here a stone.
The orc warrior hits you with a dire flail!
There is a stone staircase leading down, spattered with blood here.
Throwing (i - inventory):
d - 3 throwing nets (quivered)
Press: ? - help, Shift-Dir - straight line, f - orc warrior
Aim: an orc warrior, wielding a dire flail and wearing a plate armour (fast)
You throw a throwing net. The throwing net hits the orc warrior.
The orc warrior is caught in the net!
The orc warrior struggles against the net. x2
The orc warrior struggles against the net.
The orc warrior struggles against the net.
The net rips apart, and the orc warrior comes free!
Throwing (i - inventory):
d - 2 throwing nets (quivered)
Press: ? - help, Shift-Dir - straight line, f/p - orc warrior
Aim: an orc warrior, wielding a dire flail and wearing a plate armour (fast)
You throw a throwing net.
The throwing net closely misses the orc warrior.
The orc warrior hits you with a dire flail!!
You die... ████████

█......█ █.████.█
██████████████.████.█████
........................█
██████.██████.████.███.███
█████████.█████.........(...█
.................o.o.o.>█.███
█.███████.█████<@████████.█
█.█ █...█ █..█ █.█ █.█
████...█ █..█


█o█ █.█ █<██...█ █..█ █.█ █.███.██...█ █..█ █████o█ █.........██ █..█ █.....█
█......██.█ █..████o███.██ █..██.███.█ █....oo......█ ....)...█.█
██.██'███████.█ You could see an orc warrior and 2 orcs.

Vanquished Creatures
  A centaur (D:3)
  An orc priest (D:3)
  3 adders
  2 worms (D:2)
  2 dart slugs (D:1)
  2 leopard geckos (D:3)
  5 orcs (D:3)
  8 bats
  2 giant cockroaches
  10 goblins
  5 hobgoblins
  2 jackals (D:1)
  A quokka (D:2)
  3 ball pythons
  7 frilled lizards
  5 kobolds
  7 rats
66 creatures vanquished.

Notes
Turn   | Place    | Note
-------+----------+-------------------------------------------
     0 | D:1      | nht the Ogre Gladiator began the quest for the Orb.
     0 | D:1      | Reached XP level 1. HP: 22/22 MP: 1/1
    98 | D:1      | Reached XP level 2. HP: 11/29 MP: 2/2
   852 | D:1      | Reached skill level 4 in Staves
   996 | D:2      | Reached XP level 3. HP: 36/36 MP: 3/3
  1673 | D:2      | Reached XP level 4. HP: 42/44 MP: 4/4
  1973 | D:3      | Reached skill level 5 in Staves
  2281 | D:3      | Found a shimmering altar of Xom.
  2792 | D:3      | Reached XP level 5. HP: 29/50 MP: 3/5
  2951 | D:3      | Noticed a centaur
  2961 | D:3      | Killed a centaur
  2961 | D:3      | Reached skill level 6 in Staves
  3224 | D:3      | Noticed an orc warrior
  3255 | D:3      | Slain by an orc warrior

Vault maps used:
D:1:      lightli_arrival_statue_moat
D:2:      cheibrodos_greedy_goblins, first_bread, hangedman_decor_lopped,
          st_stairs_14, grunt_decor_arrowhead, minmay_distorted
D:3:      minivault_25, xom_teletrap_fun

Skill      XL: |  1  2  3  4  5 |
---------------+----------------+-----
Staves         | 4 5 6 |  6.4
Fighting       | |  2.6
Throwing       | |  2.0
Dodging        | |  2.6

Action                   |  1- 3 |  4- 6 || total
-------------------------+-------+-------++-------
Melee: Quarterstaff      |   125 |   121 ||   246
Throw: Throwing net      |       |     2 ||     2
  Use: Potion            |     4 |     1 ||     5
 Stab: Sleeping          |     1 |       ||     1
  Eat: Chunk             |     2 |     6 ||     8
Armor: Robe              |    51 |    31 ||    82
Dodge: Dodged            |    72 |    59 ||   131
